 Dungeon Crawl Stone Soup version 0.32-a0-673-g3729bd50f8 (webtiles) character file.

Game seed: 18224702477440124862

56 pisaster the Sneak (level 3, -10/29 HPs)
             Began as a Coglin Delver on Mar 11, 2024.
             Killed by divine providence
             ... invoked by an orc priest
              (12 damage)
             ... on level 5 of the Dungeon.
             The game lasted 00:03:51 (626 turns).

pisaster the Sneak (Coglin Delver)                   Turns: 626, Time: 00:03:52

Health: -10/29     AC:  3    Str: 12    XL:     3   Next: 95%
Magic:  3/3        EV: 12    Int:  9    God:
Gold:   48         SH:  0    Dex: 17    Spells: 2/2 levels left

rFire   . . .        a - +0 falchion {Ealamassi}
rCold   . . .        k - +0 short sword {Iseul}
rNeg    . . .        b - +0 leather armour
rPois   .            (no helmet)
rElec   .            (no cloak)
rCorr   .            (no gloves)
SInv    .            (no boots)
Will    .....        (amulet unavailable)
Stlth   +++          (ring unavailable)
HPRegen 0.24/turn    (ring unavailable)
MPRegen 0.08/turn    (no gizmo)

%: no passive effects
@: hasted, revved, very quick
A: off-hand wielding, slow wielding, warmup strikes, no jewellery
a: Invent Gizmo, Convert to Beogh


You were on level 5 of the Dungeon.
You visited 1 branch of the dungeon, and saw 2 of its levels.

You collected 48 gold pieces.

Inventory:

Hand Weapons
 a - a +0 falchion (weapon) {Ealamassi}
 k - a +0 short sword (offhand) {Iseul}
 m - a +0 rapier
Armour
 b - a +0 leather armour (worn)
Wands
 g - a wand of digging (3)
Scrolls
 c - 2 scrolls of fog
 d - a scroll of revelation
 i - 2 scrolls of brand weapon {unknown}
 l - 2 scrolls of identify {unknown}
Potions
 h - a potion of curing {unknown}
 j - 2 potions of lignification {unknown}


   Skills:
 + Level 3.6 Fighting
 * Level 3.5 Long Blades
 - Level 1.7 Dodging
 - Level 4.1 Stealth


You had 2 spell levels left.
You didn't know any spells.
Your spell library contained the following spells:

 Spells                   Type           Power      Damage    Failure   Level
 Scorch                   Fire           0%         2d5       61%         2
 Flame Wave               Conj/Fire      0%         2d4       99%         4
 Summon Cactus Giant      Summ           0%         N/A       100%        6


Dungeon Overview and Level Annotations

Branches:
Dungeon (5/15)
 Temple: D:4-7

Altars:


Innate Abilities, Weirdness & Mutations

You can wield a second weapon in your off-hand.
It takes a long time for you to wield or remove held weapons.
Your first few attacks do less damage.
You cannot equip rings or amulets.


Message History

There is a stone staircase leading up here.
You hit the iguana with your +0 short sword.
You kill the iguana!
You start resting.
HP restored.
There is a stone staircase leading up here.
There is an escape hatch in the ceiling here.
There is a stone staircase leading up here.
You climb upwards.
Found an escape hatch in the ceiling.
There is a stone staircase leading down here.
Unknown command.
Unknown command.
Unknown command.
Unknown command.
You climb downwards.
There is a stone staircase leading up here.
There is a stone staircase leading down here.
An orc wizard and 2 orcs come into view.
The orc shouts!
You hear a shout!
The orc moves out of view.
Unknown command.
The orc wizard falls through a shaft!
The shaft crumbles and collapses.
There is a stone staircase leading down here.
You start waiting.
An orc is nearby!
You slash the orc with your +0 falchion!
You kill the orc!
The orc sings a few bars from the Orcish anthem.
You closely miss the orc with your +0 falchion.
You hit the orc with your +0 short sword.
The orc hits you with a +0 dagger.
You hit the orc with your +0 falchion.
The orc is moderately wounded.
You hit the orc but do no damage. The orc misses you.
The orc priest shouts!
You hit the orc with your +0 falchion.
The orc is moderately wounded.
You hit the orc with your +0 short sword.
You hear a shout!
The orc priest invokes the aid of Beogh against you.
Beogh smites you! The orc misses you.
The orc priest shouts, "The Pantheon deserves no one's loyalty.
Let us show you the true path!" (press Y on the ability menu to convert to Beogh)
You hit the orc but do no damage.
The orc is heavily wounded.
You hit the orc but do no damage. The orc hits you with a +0 dagger.
You closely miss the orc with your +0 falchion.
The orc is heavily wounded.
You hit the orc but do no damage.
The orc priest threatens, "Beogh's wrath is as vast as their mercy.
Make your choice!"
An orc priest comes into view. It is wielding a +2 heavy hand axe.
The orc barely misses you.
Aiming: Iceblast
Press: ? - help, Shift-Dir - straight line The mass of ice explodes!
The iceblast engulfs the orc!
You kill the orc!
The iceblast engulfs the orc priest!
The orc priest is severely wounded.
The now-empty wand crumbles to dust.
The orc priest threatens, "Beogh's wrath is as vast as their mercy.
Make your choice!"
Okay, then.
Unknown command.
Okay, then.
Unknown command.
You feel yourself speed up. The orc priest barely misses you.
The orc priest casts a cantrip, but nothing happens.
The orc priest threatens, "Beogh's wrath is as vast as their mercy.
Make your choice!"
You hit the orc priest but do no damage.
The orc priest is severely wounded.
You closely miss the orc priest with your +0 falchion.
The orc priest barely misses you.
You closely miss the orc priest with your +0 short sword.
The orc priest is severely wounded.
You hit the orc priest but do no damage.
The orc priest shouts, "Surrender to Beogh and we'll let you live!"
The orc priest mumbles some strange prayers to Beogh against you.
Beogh smites you!
* * * LOW HITPOINT WARNING * * *
You barely miss the orc priest with your +0 short sword.
The orc priest is severely wounded.
You closely miss the orc priest with your +0 falchion.
The orc priest shouts, "Surrender to Beogh and we'll let you live!"
You hit the orc priest but do no damage.
The orc priest is severely wounded.
You barely miss the orc priest with your +0 falchion.
The orc priest shouts, "Surrender to Beogh and we'll let you live!"
The orc priest hits you with a +0 dagger.
* * * LOW HITPOINT WARNING * * *
The orc priest mumbles some strange prayers to Beogh against you.
You barely resist.
You bow before the missionary of Beogh.
Press: ? - help, v - describe, . - travel
Here: an orc priest, wielding a +0 dagger and wearing a +0 ring mail (severely wounded)
The floor.
Unknown command.
Unknown command.
The orc priest mumbles some strange prayers to Beogh against you.
Beogh smites you!
You die...

#### ...# ...# ...#
...# ...### ########
.... .o #......# #. #
#@.....# #... #.o....#
# ###o.o######).....#
####....##.o...>o....<#
.#.........###...<....#
...#.###### #..#......#
.....# ....##......#
.##### #### #......# .#
#......#


You could see 2 orc priests.

Vanquished Creatures
  An iguana (D:5)
  An adder (D:5)
  10 orcs (D:5)
12 creatures vanquished.

Notes
Turn   | Place    | Note
-------+----------+-------------------------------------------
     0 | D:5      | pisaster the Coglin Delver began the quest for the Orb.
     0 | D:5      | Reached XP level 1. HP: 18/18 MP: 1/1
   142 | D:5      | Reached XP level 2. HP: 21/24 MP: 2/2
   184 | D:5      | Reached XP level 3. HP: 9/29 MP: 3/3
   590 | D:4      | Noticed a phantom
   626 | D:5      | Killed from afar by an orc priest

Illustrated notes

Levels and vault maps discovered:
D:4:      layout_rooms, uniq_ijyb, uniq_crazy_yiuf_cottage
D:5:      layout_rooms

Skill      XL: |  1  2 |
---------------+-------+-----
Long Blades    | 3 |  3.5
Fighting       | |  3.6
Dodging        | |  1.7
Stealth        | |  4.1

Action                     || total
---------------------------++-------
  Melee: Falchion          ||    33
         Dagger            ||    12
         Short sword       ||    17
  Evoke: Wand              ||     6
    Use: Scroll            ||     1
         Potion            ||     1
 Armour: Leather armour    ||    15
  Dodge: Dodged            ||    13

Table legend: (Time is in decaauts)
 A = Elapsed time spent in this place.
 B = Non-inter-level travel time spent in this place.
 C = Inter-level travel time spent in this place.
 D = Time resting spent in this place.
 E = Time spent auto-exploring this place.
 F = Levels seen in this place.
 G = Mean time per level.
                   A        B        C        D        E       F      G
               +--------+--------+--------+--------+--------+-----+--------+
         Total |    627 |    589 |     38 |    224 |      2 |   2 |  313.5 |
       Dungeon |    627 |    589 |     38 |    224 |      2 |   2 |  313.5 |
               +--------+--------+--------+--------+--------+-----+--------+

Top non-repeatable levels by time:
     D:5: 604 daAuts
     D:4: 23 daAuts

Action                     || total
---------------------------++-------
  Melee: Falchion          ||    33
         Dagger            ||    12
         Short sword       ||    17
  Evoke: Wand              ||     6
    Use: Scroll            ||     1
         Potion            ||     1
 Armour: Leather armour    ||    15
  Dodge: Dodged            ||    13

Table legend: (Time is in decaauts)
 A = Elapsed time spent in this place.
 B = Non-inter-level travel time spent in this place.
 C = Inter-level travel time spent in this place.
 D = Time resting spent in this place.
 E = Time spent auto-exploring this place.
 F = Levels seen in this place.
 G = Mean time per level.
                   A        B        C        D        E       F      G
               +--------+--------+--------+--------+--------+-----+--------+
         Total |    627 |    589 |     38 |    224 |      2 |   2 |  313.5 |
       Dungeon |    627 |    589 |     38 |    224 |      2 |   2 |  313.5 |
               +--------+--------+--------+--------+--------+-----+--------+

Top non-repeatable levels by time:
     D:5: 604 daAuts
     D:4: 23 daAuts
